AoeStats
← TB_Mr_Swede

Arabia

503239017Analyzed
1v1 RM · 11d ago on Aug 30, 2026· 64m 46s· 2 players
Game mode
Random Map
Map size
Tiny (2 player)
Population
200
Speed
Normal
Resources
Standard
Victory
Conquest
Starting age
Dark Age
Ending age
Imperial Age
RankedLock teamsTeams togetherTeam positionsShared explorationLock speedFull tech treeHidden civsTurbo modeCheats
Victory
Defeat
🇫🇷 Ethiopians · France
1088
+18
🇸🇪 Vikings · Sweden
1127
-18
TB_Mr_Swede
7:28 Loom
9:57 Feudal Age
12:43 Double-Bit Axe
15:03 Scale Barding Armor
22:56 Castle Age
25:15 Forging
31:36 Chain Barding Armor
32:43 Bow Saw
33:31 Fletching
35:03 Iron Casting
37:53 Bodkin Arrow
38:56 Elite Skirmisher
49:18 Imperial Age
50:25 Conscription
50:12 Bracer
52:06 Light Cavalry
54:28 Cavalier
61:02 Scale Mail Armor
61:52 Town Watch
64:15 Padded Archer Armor
AlekS
7:48 Loom
10:36 Feudal Age
12:42 Double-Bit Axe
14:59 Fletching
22:54 Wheelbarrow
22:20 Horse Collar
26:32 Castle Age
26:37 Crossbowman
27:14 Bodkin Arrow
30:28 Bow Saw
31:09 Scale Mail Armor
31:20 Forging
34:43 Padded Archer Armor
37:25 Ballistics
40:53 Iron Casting
41:54 Heavy Plow
42:50 Royal Heirs
45:08 Hand Cart
49:15 Chain Mail Armor
49:17 Leather Archer Armor
52:51 Imperial Age
51:05 Man-at-Arms
51:45 Squires
51:32 Arson
52:23 Gold Mining
52:23 Stone Mining
52:51 Town Watch
53:13 Elite Shotel Warrior
54:57 Conscription
56:26 Plate Mail Armor
56:56 Blast Furnace
56:52 Sappers
56:58 Halberdier
Connection lost

Rejoining the realm…

Still unreachable

The connection could not be restored.

Session expired

The server has moved on; the page needs a fresh start.